 Dungeon Crawl Stone Soup version 0.18.1-47-g9310371 (webtiles) character file.

64 Dorikus the Sneak (level 3, -4/16 HPs)
             Began as a Spriggan Enchanter on June 17, 2016.
             Killed from afar by Natasha (8 damage)
             ... with a magic dart
             ... on level 2 of the Dungeon.
             The game lasted 00:17:16 (1920 turns).

Dorikus the Sneak (Spriggan Enchanter)              Turns: 1920, Time: 00:17:16

Health: -4/16      AC:  3    Str:  5    XL:     3   Next: 91%
Magic:  5/8        EV: 19    Int: 19    God:
Gold:   97         SH:  0    Dex: 16    Spells: 2 memorised, 3 levels left

rFire  + . .     SeeInvis +     a - +2 dagger
rCold  x . .     Gourm    .     b - +1 robe
rNeg   . . .     Faith    .     (shield restricted)
rPois  .         Spirit   .     (helmet restricted)
rElec  .         Dismiss  .     (no cloak)
rCorr  .         Reflect  .     (gloves unavailable)
SustAt .         Harm     .     (boots unavailable)
MR     .....                    (no amulet)
Stlth  ++++......               m - +3 ring of intelligence
                                l - ring of fire

@: slowed, quick, not resistant to hostile enchantments, stealthy
A: unfitting armour, see invisible, herbivore 3, speed 3, slow metabolism 2
a: no special abilities


You were on level 2 of the Dungeon.
You were not hungry.

You visited 1 branch of the dungeon, and saw 2 of its levels.

You collected 97 gold pieces.

Inventory:

Hand Weapons
 a - a +2 dagger (weapon)
Armour
 b - a +1 robe (worn)
Jewellery
 l - a ring of fire (left hand)
 m - a +3 ring of intelligence (right hand)
Potions
 e - a potion of heal wounds {unknown}
 g - a potion of agility {unknown}
 h - 2 potions of cure mutation {unknown}
 i - a potion of degeneration {unknown}
 j - a potion of lignification {unknown}
 k - a potion of curing {unknown}
 n - a potion of mutation {unknown}
Books
 c - a book of Maledictions

   Spells                             Type                      Level
   a - Corona                         Hexes                        1
   b - Ensorcelled Hibernation        Hexes/Ice                    2
   c - Confuse                        Hexes                        3
   d - Tukima's Dance                 Hexes                        3
   e - Dazzling Spray                 Conjuration/Hexes            3
Comestibles
 d - a bread ration
 f - 2 royal jellies


   Skills:
 * Level 2.1 Short Blades
 - Level 3.7 Dodging
 * Level 5.8 Stealth
 - Level 3.0 Spellcasting
 - Level 3.9 Hexes


You had 3 spell levels left.
You knew the following spells:

 Your Spells              Type           Power        Failure   Level  Hunger
b - Ensorcelled Hibernat  Hex/Ice        #.....       12%         2    ##.....
c - Confuse               Hex            ###.....     12%         3    ###....


Dungeon Overview and Level Annotations

Branches:
Dungeon (2/15)

Altars:
Sif Muna

Annotations:
D:2 Natasha


Innate Abilities, Weirdness & Mutations

You are tiny and cannot use many weapons and most armour.
You have supernaturally acute eyesight.
You are a herbivore.
You cover ground extremely quickly.
You need consume almost no food.


Message History

Cast which spell? (? or * to list)
Aiming: Confuse
Press: ? - help, Shift-Dir - straight line, f - Natasha
Aim: Natasha (severely wounded, chance to defeat MR: 49%) Natasha resists with some effort.
The shadow imp misses you.
Natasha wildly gestures.
Natasha shimmers violently.
Natasha closely misses you.
You hit Natasha.
Natasha is severely wounded.
The shadow imp completely misses you. Natasha misses you.
You closely miss Natasha.
Natasha is severely wounded.
The shadow imp closely misses you.
Natasha howls an incantation.
You feel troubled. Natasha casts a spell at you. The magic dart hits you!
Ouch! That really hurt!
You die...

. #.# #. ..# #.
..# ##. # ..# ..
.# ..# #.##.###
..# #...... ..#
#5h#.## .## ..
#.@...## .##
....###.....# ..+
............# .##
....###...#.# .#
..#..%....#.###.#
.#
#####.........#
.# #####.##### ##
#+# #.# #.# #####
#.#


You could see Natasha and a shadow imp.

Vanquished Creatures
  A gnoll (D:1)
  2 oozes (D:1)
  A dart slug (D:2)
  2 giant geckos
  3 giant cockroaches
  4 goblins (D:1)
  10 hobgoblins
  6 bats (D:1)
  2 giant newts
  5 kobolds
  3 rats
39 creatures vanquished.

Notes
Turn   | Place    | Note
--------------------------------------------------------------
     0 | D:1      | Dorikus the Spriggan Enchanter began the quest for the Orb.
     0 | D:1      | Reached XP level 1. HP: 9/9 MP: 5/5
   394 | D:1      | Reached XP level 2. HP: 6/13 MP: 6/6
   398 | D:1      | Learned a level 2 spell: Ensorcelled Hibernation
   639 | D:1      | Reached skill level 5 in Stealth
   639 | D:1      | Reached XP level 3. HP: 16/16 MP: 8/8
   649 | D:1      | Learned a level 3 spell: Confuse
  1654 | D:2      | Found a deep blue altar of Sif Muna.
  1899 | D:2      | Noticed Natasha
  1920 | D:2      | Killed from afar by Natasha

Skill      XL: |  1  2  3 |
---------------+----------+-----
Spellcasting   | 3 |  3.0
Stealth        | 5 |  5.8
Short Blades   | 2 |  2.1
Dodging        | |  3.7
Hexes          | |  3.9

Action                   || total
-------------------------++-------
Melee: Dagger            ||   193
 Cast: Ensorcelled Hiber ||     1
       Confuse           ||     1
  Use: Scroll            ||     5
 Stab: Sleeping          ||     7
Armor: Robe              ||    18
Dodge: Dodged            ||   154
